 Dungeon Crawl Stone Soup version 0.21-a0-185-g3a6ed1e (webtiles) character file.

22255 TheManBelow the Brawler (level 12, -16/186 HPs)
             Began as a Troll Monk on Aug 11, 2017.
             Was a High Priest of Okawaru.
             Demolished by a spiny frog (26 damage)
             ... on level 4 of the Lair of Beasts on Aug 12, 2017.
             The game lasted 00:25:28 (11937 turns).

TheManBelow the Brawler (Troll Monk)               Turns: 11937, Time: 00:25:29

Health: -16/186    AC:  0    Str: 28    XL:     12   Next: 61%
Magic:  11/11      EV:  9    Int:  6    God:    Okawaru [*****.]
Gold:   554        SH: 20    Dex: 21    Spells: 11/11 levels left

rFire    + . .     SeeInvis .     - Unarmed
rCold    . . .     Gourm    +   O - +0 large shield (curse)
rNeg     . . .     Faith    .   U - +2 robe {rF+}
rPois    .         Spirit   .   m - +2 hat
rElec    .         Reflect  +   k - +2 cloak
rCorr    .         Harm     .   (gloves unavailable)
MR       .....                  (boots unavailable)
Stlth    ..........             K - +2 amulet of reflection
HPRegen  0.81/turn              p - +6 ring of dexterity
MPRegen  0.12/turn              (no ring)

@: berserking, lethally poisoned (-16 -> -17), corroded, very slightly
contaminated, very quick
A: unfitting armour, claws 3, fast metabolism 3, gourmand, regeneration 1,
shaggy fur 1, tough skin 2
a: Heroism, Finesse, Renounce Religion


You were on level 4 of the Lair of Beasts.
You worshipped Okawaru.
Okawaru was extremely pleased with you.
You were full.

You visited 3 branches of the dungeon, and saw 14 of its levels.

You collected 599 gold pieces.
You spent 45 gold pieces at shops.

Inventory:

Missiles
 u - 218 stones (quivered)
 L - 3 throwing nets
Armour
 g - the scarf of the Republic {rF+++ Str-3 Int-2 SInv}
   (Okawaru gifted it to you on level 3 of the Lair of Beasts)

   It affects your strength (-3).
   It affects your intelligence (-2).
   It renders you almost immune to fire.
   It lets you see invisible.
 k - a +2 cloak (worn)
 m - a +2 hat (worn)
 O - a cursed +0 large shield (worn)
 U - a +2 robe of fire resistance (worn)
Jewellery
 i - an uncursed ring of flight {unknown}
 p - a +6 ring of dexterity (left claw)
 K - a +2 amulet of reflection (around neck)
 W - an uncursed amulet of faith
Wands
 a - a wand of clouds (8/9)
 y - a wand of random effects (47/48)
 C - a wand of iceblast (13/15)
 E - a wand of random effects (11/48)
 M - a wand of confusion (3/48)
 N - a wand of flame (24/48)
 P - a wand of flame (15/48)
 Q - a wand of polymorph (6/24)
 R - a wand of confusion (26/48)
 V - a wand of enslavement (6/24)
 X - a wand of random effects (37/48)
Scrolls
 e - 4 scrolls of fog
 l - 3 scrolls of enchant weapon
 v - 8 scrolls of remove curse
 A - a scroll of amnesia
 D - a scroll of teleportation
 F - 2 scrolls of blinking
 H - 2 scrolls of enchant armour
 T - a scroll of vulnerability
Potions
 c - 4 potions of flight
 d - 8 potions of haste
 h - 6 potions of curing
 n - a potion of lignification {unknown}
 o - 7 potions of ambrosia
 q - 4 potions of resistance
 r - 2 potions of brilliance
 t - 2 potions of berserk rage
 x - 2 potions of agility
 z - 3 potions of might
 B - 3 potions of invisibility
 I - 2 potions of mutation
Books
 w - a book of Misfortune

   Spells                             Type                      Level
   a - Confusing Touch                Hexes                        1
   b - Confuse                        Hexes                        3
   c - Gell's Gravitas                Translocation                3
   d - Petrify                        Transmutation/Earth          4
   e - Metabolic Englaciation         Hexes/Ice                    5
   f - Yara's Violent Unravelling     Hexes/Transmutation          5
 J - a book of Cantrips

   Spells                             Type                      Level
   a - Confusing Touch                Hexes                        1
   b - Animate Skeleton               Necromancy                   1
   c - Summon Small Mammal            Summoning                    1
   d - Apportation                    Translocation                1
 S - a book of Flames

   Spells                             Type                      Level
   a - Flame Tongue                   Conjuration/Fire             1
   b - Throw Flame                    Conjuration/Fire             2
   c - Conjure Flame                  Conjuration/Fire             3
   d - Inner Flame                    Hexes/Fire                   3
   e - Sticky Flame                   Conjuration/Fire             4
   f - Fireball                       Conjuration/Fire             5
Comestibles
 b - 10 bread rations
 f - 49 fruits
 j - 5 royal jellies
 G - 6 meat rations


   Skills:
 + Level 9.5 Fighting
 - Level 2.4 Dodging
 - Level 1.0 Stealth
 * Level 8.4 Shields
 * Level 15.1 Unarmed Combat


You had 11 spell levels left.
You didn't know any spells.

Dungeon Overview and Level Annotations

Branches:
Dungeon (9/15)             Temple (1/1) D:5            Lair (4/6) D:9
 Shoals (0/4) Lair:3        Snake (0/4) Lair:4
    Orc: D:9-12

Altars:
Ashenzari
Cheibriados
Dithmenos
Elyvilon
Fedhas
Gozag
Hepliaklqana
Kikubaaqudgha
Makhleb
Nemelex Xobeh
Okawaru
Qazlal
Ru
Sif Muna
Trog
Uskayaw
Vehumet
Xom
Yredelemnul
Zin
The Shining One
Lugonu

Shops:
D:4 =!}   D:6 [[:(

Annotations:
Lair:1 exclusion: oklob plant
Lair:4 exclusion: oklob plant


Innate Abilities, Weirdness & Mutations

You are too large for most types of armour.
You have claws for hands.
Your metabolism is lightning-fast.
You like to eat raw meat.
Your natural rate of healing is unusually fast.
You are covered in fur. (AC +1)
You have very tough skin. (AC +2)


Message History

You claw the oklob plant!
You destroy the oklob plant!
Okawaru is honoured by your kill.
You feel sick.
Unknown command.
You feel sick.
You mangle the oklob plant!!
The oklob plant is heavily damaged.
You mangle the oklob plant!!
The oklob plant is severely damaged.
You feel sick. You block the spiny frog's attack.
The oklob plant spits acid at you. The splash of acid hits you!
* * * LOW HITPOINT WARNING * * *
The acid corrodes you!
You are splashed with acid!
The acid burns!
* * * LOW HITPOINT WARNING * * *
You claw the oklob plant!
The oklob plant is almost destroyed.
You feel sick. The spiny frog stings you!!
You die...

...#
#..P.#.#P...........
....
####......##...........
....
.......................
..#.
PP#.P....P.......#P...#
........†..............
.##PP.†#...##........
#=$=.#.............
#.F..##.###P.####..
#.|@.#### #### . #.$)P#
######


You could see an oklob plant and a spiny frog.

Vanquished Creatures
  2 entropy weavers (Lair:4)
  A hydra (Lair:2)
  Erica (Lair:1)
  A queen ant (Lair:4)
  Pikel (D:5)
  2 oklob plants (Lair:4)
  8 elephants
  A black mamba (Lair:3)
  A rime drake (Lair:3)
  2 spiny frogs
  3 komodo dragons
  A polar bear (Lair:3)
  3 blink frogs (Lair:3)
  14 hippogriffs
  Sigmund (D:3)
  A spriggan (Lair:3)
  3 yaks (Lair:1)
  Eustachio (D:5)
  2 wargs (D:9)
  10 water moccasins
  5 soldier ants (Lair:4)
  6 porcupines
  A sky beast (D:5)
  3 orc warriors
  4 ice beasts
  4 slaves (D:5)
  A black bear (Lair:3)
  2 phantoms
  5 ogres
  22 wolves
  6 centaurs
  2 crocodiles
  A big kobold (D:8)
  7 bullfrogs
  A wyvern skeleton (D:7)
  A scorpion (D:5)
  4 wights (D:7)
  An electric eel (Lair:4)
  A lava snake (Lair:3)
  A bullfrog zombie (D:5)
  5 crimson imps
  6 orc priests
  2 hounds
  2 jellies
  8 orc wizards
  A centaur skeleton (D:4)
  5 iguanas
  Ijyb (D:3)
  14 worker ants
  A hound skeleton (D:5)
  20 adders
  A shadow imp (D:5)
  A worm (D:2)
  A dart slug (D:3)
  7 leopard geckos
  11 orcs
  4 giant cockroaches
  5 goblins
  7 hobgoblins
  3 jackals (D:4)
  2 kobolds (D:1)
  A quokka (D:2)
  3 ball pythons
  7 bats
  4 frilled lizards
  A giant cockroach zombie (D:3)
  2 quokka skeletons (D:7)
  6 rats
  A plant (Lair:4)
269 creatures vanquished.

Vanquished Creatures (others)
  A centaur (Lair:3)
  3 fungi
  A plant (Lair:4)
5 creatures vanquished.

Grand Total: 274 creatures vanquished

Notes
Turn   | Place    | Note
-------+----------+-------------------------------------------
     0 | D:1      | TheManBelow the Troll Monk began the quest for the Orb.
     0 | D:1      | Reached XP level 1. HP: 22/22 MP: 0/0
   355 | D:1      | Reached XP level 2. HP: 22/29 MP: 1/1
  1267 | D:2      | Found a blossoming altar of Fedhas.
  1533 | D:2      | Reached skill level 4 in Unarmed Combat
  1533 | D:2      | Reached XP level 3. HP: 32/36 MP: 2/2
  1744 | D:2      | Reached XP level 4. HP: 45/45 MP: 3/3
  2124 | D:3      | Noticed Ijyb
  2145 | D:3      | Killed Ijyb
  2145 | D:3      | Reached skill level 5 in Unarmed Combat
  2145 | D:3      | Reached XP level 5. HP: 49/53 MP: 4/4
  2447 | D:3      | Found a hide-covered altar of Uskayaw.
  2501 | D:3      | Noticed Sigmund
  2508 | D:3      | Killed Sigmund
  2508 | D:3      | Reached skill level 6 in Unarmed Combat
  2508 | D:3      | Reached XP level 6. HP: 62/62 MP: 5/5
  2793 | D:4      | Found Xumyrphot's Distillery.
  2807 | D:4      | Found Pydwuipp's Jewellery Emporium.
  2887 | D:4      | Found a sacrificial altar of Ru.
  2897 | D:4      | Found Bessaa's Gadget Shoppe.
  3144 | D:4      | Reached skill level 7 in Unarmed Combat
  3144 | D:4      | Reached XP level 7. HP: 71/71 MP: 6/6
  3521 | D:5      | Entered Level 5 of the Dungeon
  3590 | D:5      | Noticed an air elemental
  3592 | D:5      | Found a stormy altar of Qazlal.
  3597 | D:5      | Noticed Pikel
  3636 | D:5      | Found a staircase to the Ecumenical Temple.
  3644 | Temple   | Entered the Ecumenical Temple
  3765 | D:5      | Killed Pikel
  3765 | D:5      | Reached skill level 5 in Fighting
  3765 | D:5      | Reached skill level 8 in Unarmed Combat
  3765 | D:5      | Reached XP level 8. HP: 70/80 MP: 7/7
  3893 | D:5      | Noticed Eustachio
  3902 | D:5      | Killed Eustachio
  4109 | D:5      | Reached skill level 9 in Unarmed Combat
  4508 | D:5      | Reached skill level 10 in Unarmed Combat
  4508 | D:5      | Reached XP level 9. HP: 86/89 MP: 8/8
  4966 | D:6      | Found Ykol's Armour Boutique.
  4980 | D:6      | Found Osous's Book Boutique.
  5064 | D:6      | Found Vuteid's Armour Boutique.
  5068 | D:6      | Found a deep blue altar of Sif Muna.
  5257 | D:6      | Found a sparkling altar of Nemelex Xobeh.
  5269 | D:6      | Found Xenyn's Antique Weapon Emporium.
  5474 | D:6      | Found an iron altar of Okawaru.
  5475 | D:6      | Found a bloodstained altar of Trog.
  5488 | D:6      | Became a worshipper of Warmaster Okawaru
  5488 | D:6      | Reached * piety under Okawaru
  5488 | D:6      | Reached ** piety under Okawaru
  5697 | D:7      | Found a hazy altar of Hepliaklqana.
  5731 | D:7      | Found a shimmering altar of Xom.
  5870 | D:7      | Reached skill level 11 in Unarmed Combat
  6458 | D:8      | Reached *** piety under Okawaru
  6622 | D:8      | Found a radiant altar of Vehumet.
  6708 | D:8      | Reached skill level 12 in Unarmed Combat
  6708 | D:8      | Reached XP level 10. HP: 102/102 MP: 9/9
  6840 | D:8      | Found a white marble altar of Elyvilon.
  6961 | D:8      | Found a snail-covered altar of Cheibriados.
  7015 | D:6      | Bought a cursed +0 large shield for 45 gold pieces
  7209 | D:9      | Found a staircase to the Lair.
  7217 | D:9      | Reached skill level 1 in Shields
  7322 | Lair:1   | Entered Level 1 of the Lair of Beasts
  7373 | Lair:1   | You fall through a shaft!
  7600 | Lair:2   | Reached **** piety under Okawaru
  7768 | Lair:2   | Noticed an elephant
  7771 | Lair:2   | Noticed an elephant
  7773 | Lair:2   | Noticed an elephant
  7778 | Lair:2   | Killed an elephant
  7783 | Lair:2   | Killed an elephant
  7786 | Lair:2   | Killed an elephant
  8113 | Lair:2   | Noticed a seven-headed hydra
  8154 | Lair:1   | Reached skill level 13 in Unarmed Combat
  8413 | Lair:1   | Noticed a spiny frog
  8415 | Lair:1   | Noticed Erica
  8422 | Lair:1   | Killed a spiny frog
  8422 | Lair:1   | Reached XP level 11. HP: 111/111 MP: 7/10
  8438 | Lair:1   | Killed Erica
  8732 | Lair:1   | Noticed an oklob plant
  9106 | Lair:2   | Reached skill level 5 in Shields
  9409 | Lair:2   | Killed a ten-headed hydra
  9631 | Lair:3   | Found a staircase to the Shoals.
  9645 | Lair:3   | Reached ***** piety under Okawaru
  9897 | Lair:3   | Reached skill level 14 in Unarmed Combat
  9946 | Lair:3   | Received a gift from Okawaru
  9951 | Lair:3   | Got a jewelled scarf {god gift}
  9962 | Lair:3   | Identified the scarf of the Republic {rF+++ Str-3 Int-2 SInv} (Okawaru gifted it to you on level 3 of the Lair of Beasts)
 10187 | Lair:3   | Reached XP level 12. HP: 116/123 MP: 8/11
 10851 | Lair:3   | Noticed a seven-headed hydra
 10863 | Lair:2   | Upgraded the game from 0.21-a0-184-g9126a74 to 0.21-a0-185-g3a6ed1e
 11213 | Lair:4   | Found a staircase to the Snake Pit.
 11350 | Lair:4   | Noticed an entropy weaver
 11351 | Lair:4   | Noticed a queen ant
 11357 | Lair:4   | Noticed an entropy weaver
 11358 | Lair:4   | Killed an entropy weaver
 11367 | Lair:4   | Killed a queen ant
 11376 | Lair:4   | Killed an entropy weaver
 11640 | Lair:4   | Reached skill level 15 in Unarmed Combat
 11937 | Lair:4   | Demolished by a spiny frog

Vault maps used:
D:1:      dpeg_arrival_houses_and_road, palyth_stone_intersect
D:2:      lemuel_round_altar, dk_vineyard_3
D:3:      eat_drink_and_be_merry_uskayaw, first_bread, uniq_ijyb, uniq_sigmund
D:4:      lemuel_doored_altar, serial_shops,
          nicolae_shop_temple_entry_statues_fountains, shop, nicolae_shop_stone
D:5:      kennysheep_windowed_halls, nicolae_qazlal_style_of_elements,
          minmay_temple_entry_crystal_x, uniq_pikel, uniq_eustachio
D:6:      grunt_temple_overflow_bloody_war, nemelex_xobeh_ov_fountains_minmay,
          nicolae_overflow_hidden_temple, serial_shops, shop, shop,
          kennysheep_little_box, nicolae_shop_window_shopping
D:7:      xom_teletrap_fun, lemuel_crystal_altar
D:8:      gammafunk_temple_overflow_wave, fiery_altar_vehumet,
          blue_anna_alchemist, minmay_misc_feat_enclosed
D:9:      lemuel_coloured_pillars_altar, erik_lair_orcish_takeover
Temple:   corrupted_temple
Lair:1:   dpeg_oklob_gauntlet, uniq_erica
Lair:3:   minmay_shoals_entry_centaurs, forest_entry_grove,
          infiniplex_staircase_pool_2, lemuel_fruit_tree
Lair:4:   minmay_snake_entry_six_corridors, wad_woods_antlair,
          minmay_lair_oklob_chamber, infiniplex_staircase_pool

Skill      XL: |  1  2  3  4  5  6  7  8  9 10 11 12 |
---------------+-------------------------------------+-----
Unarmed Combat | 4 5 6 7 8 10 12 13 14 15 | 15.1
Fighting       | 3 4 5 6 7 8 9 |  9.5
Shields        | 4 7 8 |  8.4
Dodging        | |  2.4
Stealth        | |  1.0

Action                   |  1- 3 |  4- 6 |  7- 9 | 10-12 || total
-------------------------+-------+-------+-------+-------++-------
Melee: Unarmed           |    75 |    85 |   279 |   447 ||   886
       Punch             |     2 |     1 |    16 |       ||    19
Throw: Stone             |       |     2 |     2 |       ||     4
Invok: Heroism           |       |       |     4 |    25 ||    29
       Finesse           |       |       |       |     1 ||     1
Evoke: Wand              |       |       |       |     8 ||     8
  Use: Scroll            |     2 |     9 |    17 |    10 ||    38
       Potion            |       |       |       |    10 ||    10
 Stab: Sleeping          |     3 |     6 |     6 |     2 ||    17
       Distracted        |       |       |       |     1 ||     1
  Eat: Chunk             |    13 |    17 |    28 |    43 ||   101
       Bread ration      |     1 |       |     1 |       ||     2
Armor: Robe              |    28 |    16 |    81 |   116 ||   241
Dodge: Dodged            |    51 |    34 |   135 |   130 ||   350
Block: Large shield      |       |       |       |   495 ||   495
       Reflection        |       |       |       |    12 ||    12
